 Dungeon Crawl Stone Soup version 0.21-a0-258-g4c0eb85 (webtiles) character file.

18 tidbits the Skirmisher (level 2, 0/31 HPs)
             Began as a Draconian Wanderer on Sept 6, 2017.
             Slain by an ice beast (11 damage)
             ... on level 2 of the Dungeon.
             The game lasted 00:01:45 (207 turns).

tidbits the Skirmisher (Draconian Wanderer)          Turns: 207, Time: 00:01:46

Health: 0/31       AC:  4    Str: 14    XL:     2   Next: 48%
Magic:  2/2        EV: 11    Int: 14    God:
Gold:   38         SH:  0    Dex:  8    Spells: 1/1 levels left

rFire    . . .     SeeInvis .   a - +2 dagger
rCold    . . .     Gourm    .   (no shield)
rNeg     . . .     Faith    +   (armour unavailable)
rPois    .         Spirit   .   (helmet restricted)
rElec    .         Reflect  .   (no cloak)
rCorr    .         Harm     .   (no gloves)
MR       .....                  (no boots)
Stlth    +.........             g - amulet of faith
HPRegen  0.10/turn              (no ring)
MPRegen  0.08/turn              (no ring)

@: very slightly contaminated, slowed, invisible, very slow
A: unfitting armour, cold-blooded, AC +4
a: no special abilities


You were on level 2 of the Dungeon.
You were not hungry.

You visited 1 branch of the dungeon, and saw 2 of its levels.

You collected 38 gold pieces.

Inventory:

Hand Weapons
 a - a +2 dagger (weapon)
 c - a +0 hand axe
Jewellery
 g - an amulet of faith (around neck)
   (You found it on level 2 of the Dungeon)
Potions
 b - a potion of heal wounds
 d - a potion of curing
 e - 2 potions of invisibility
Comestibles
 f - a bread ration


   Skills:
 + Level 6.8 Fighting
 - Level 2.0 Axes
 - Level 1.0 Throwing
 + Level 1.3 Dodging
 - Level 1.0 Stealth


You had one spell level left.
You didn't know any spells.

Dungeon Overview and Level Annotations

Branches:
Dungeon (2/15)

Altars:


Innate Abilities, Weirdness & Mutations

Your plain brown scales are hard. (AC +4)
You cannot fit into any form of body armour.
You are cold-blooded and may be slowed by cold attacks.


Message History

You barely miss the adder.
The adder is severely wounded.
The adder barely misses you.
You closely miss the adder.
Your tail-slap misses the adder.
The adder is severely wounded.
The adder closely misses you. The adder bites you.
You closely miss the adder.
Your tail-slap misses the adder.
The adder is severely wounded.
The adder closely misses you.
You barely miss the adder. You tail-slap the adder.
You kill the adder!
Your Dodging skill increases to level 1!
You have reached level 2!
There is a stone staircase leading up here.
A goblin comes into view. It is wielding a club.
You barely miss the goblin.
The goblin shouts!
Your tail-slap misses the goblin.
The goblin hits you but does no damage.
You barely miss the goblin. The goblin closely misses you.
You hit the goblin.
You kill the goblin!
You now have 27 gold pieces (gained 8).
Things that are here:
a club; a goblin corpse
Found 11 gold pieces.
Found a square fluorescent amulet.
g - a square fluorescent amulet Put on which piece of jewellery? (? for menu, Esc to quit)
You feel a strange surge of divine interest.
g - an amulet of faith (around neck)
You now have 38 gold pieces (gained 11).
Found a scale mail.
Found a dagger.
A goblin comes into view.
The goblin shouts!
Found 14 bolts.
The teleport trap disappears.
The adder disappears!
An ice beast comes into view.
You hit the goblin.
The goblin is almost dead.
The goblin hits you.
Okay, then.
It was a potion of invisibility.
You fade into invisibility!
The goblin closely misses you.
You are very lightly contaminated with residual magic.
You hit the goblin.
You kill the goblin!
You closely miss the ice beast. The ice beast barely misses you.
You hit the ice beast.
The ice beast is lightly wounded.
The ice beast misses you.
You catch the helpless ice beast completely off-guard!
You hit the ice beast.
The ice beast is lightly wounded.
The ice beast hits you. The ice beast freezes you.
You feel yourself slow down.
You closely miss the ice beast.
The ice beast is lightly wounded.
The ice beast closely misses you.
You hit the ice beast.
The ice beast is lightly wounded.
You feel yourself speed up.
The ice beast hits you but does no damage. x2
You catch the helpless ice beast completely off-guard!
You hit the ice beast.
Your tail-slap misses the ice beast.
The ice beast is moderately wounded.
The ice beast barely misses you.
You hit the ice beast but do no damage.
The ice beast is moderately wounded.
The ice beast misses you.
You closely miss the ice beast. You tail-slap the ice beast.
The ice beast is heavily wounded.
The ice beast misses you.
You hit the ice beast.
Your tail-slap misses the ice beast.
The ice beast is heavily wounded.
The ice beast hits you but does no damage.
You hit the ice beast.
The ice beast is severely wounded.
The ice beast closely misses you.
You catch the helpless ice beast completely off-guard!
You hit the ice beast but do no damage.
The ice beast is severely wounded.
The ice beast closely misses you.
You catch the helpless ice beast completely off-guard!
You hit the ice beast.
The ice beast is severely wounded.
The ice beast hits you. The ice beast freezes you.
* * * LOW HITPOINT WARNING * * *
You barely miss the ice beast.
The ice beast is severely wounded.
The ice beast hits you but does no damage.
You hit the ice beast.
The ice beast is almost dead.
The ice beast closely misses you.
You closely miss the ice beast.
The ice beast is almost dead.
The ice beast hits you.
* * * LOW HITPOINT WARNING * * *
The ice beast freezes you!
You feel yourself slow down.
You die...

#.#### ##.# #.#
#....# #.######.#
#...)# #........#
#[...####.########
#.........#
#....###### #....#
###.####....#
.(.....Y@...#
...###.####.# #.
#.# #. #.# .. #.#
#. .# .. ..


You could see an ice beast.

Vanquished Creatures
  An adder (D:2)
  A dart slug (D:1)
  A bat (D:1)
  A giant cockroach (D:1)
  2 goblins (D:2)
  A kobold (D:1)
7 creatures vanquished.

Notes
Turn   | Place    | Note
-------+----------+-------------------------------------------
     0 | D:1      | tidbits the Draconian Wanderer began the quest for the Orb.
     0 | D:1      | tidbits set off with: a +2 dagger, a potion of heal wounds, a +0 hand axe, a potion of curing, a bread ration
     0 | D:1      | Reached XP level 1. HP: 25/25 MP: 1/1
   125 | D:2      | Reached skill level 1 in Dodging
   125 | D:2      | Reached XP level 2. HP: 26/31 MP: 2/2
   188 | D:2      | Noticed an ice beast
   207 | D:2      | Slain by an ice beast

Vault maps used:
D:1:      wheals_arrival_linesprint, interstate_on_off
D:2:      lemuel_upstairs_altar, nicolae_overflow_crystal_walls, first_bread,
          lemuel_tele_altar

Skill      XL: |  1 |
---------------+----+-----
Dodging        | 1 |  1.3
Fighting       | |  6.8
Axes           | |  2.0
Throwing       | |  1.0
Stealth        | |  1.0

Action                   || total
-------------------------++-------
Melee: Dagger            ||    42
       Tailslap          ||     3
  Use: Potion            ||     1
 Stab: Invisible         ||     4
Armor: Skin              ||    10
Dodge: Dodged            ||    27

Table legend:
 A = Spawn XP
 B = Non-spawn XP
 C = Spawn XP percentage of total XP
 D = Spawn monster count
 E = Non-spawn monster count
 F = Spawn count percentage of total count
 G = Total turns spent on level
                    A         B        C        D         E        F      G
               +---------+---------+-------+---------+---------+-------+---------
         Total |       0 |      26 |   0.0 |       0 |       7 |   0.0 |   207
               +---------+---------+-------+---------+---------+-------+---------
           D:1 |       0 |       9 |   0.0 |       0 |       4 |   0.0 |   113
           D:2 |       0 |      17 |   0.0 |       0 |       3 |   0.0 |    94
               +---------+---------+-------+---------+---------+-------+---------

Table legend:
 A = Turns spent in this place as a percentage of turns spent in the entire game.
 B = Non-inter-level travel turns spent in this place as a percentage of non-inter-level travel turns spent in the entire game.
 C = Inter-level travel turns spent in this place as a percentage of turns spent in this place.
 D = Turns resting spent in this place as a percentage of non-inter-level travel turns spent in this place.
 E = Turns spent auto-exploring this place as a percentage of non-inter-level travel turns spent in this place.
 F = Non-inter-level travel turns spent in this place divided by the number of levels of this place that you've seen.
                   A       B       C       D       E      F
               +-------+-------+-------+-------+-------+----------------------
         Total | 100.0 | 100.0 |   0.0 |   0.0 |   0.0 | 103.5
       Dungeon | 100.0 | 100.0 |   0.0 |   0.0 |   0.0 | 103.5
               +-------+-------+-------+-------+-------+----------------------

Table legend:
 A = Kills in this place as a percentage of kills in entire the game.
 B = Kills by you in this place as a percentage of kills by you in the entire game.
 C = Kills by friends in this place as a percentage of kills by friends in the entire game.
 D = Other kills in this place as a percentage of other kills in the entire game.
 E = Experience gained in this place as a percentage of experience gained in the entire game.
 F = Experience gained in this place divided by the number of levels of this place that you have seen.
                   A       B       C       D       E      F
               +-------+-------+-------+-------+-------+----------------------
         Total | 100.0 | 100.0 |   N/A |   N/A | 100.0 |  13.0
       Dungeon | 100.0 | 100.0 |   N/A |   N/A | 100.0 |  13.0
               +-------+-------+-------+-------+-------+----------------------

Vault maps used:
D:1:      wheals_arrival_linesprint, interstate_on_off
D:2:      lemuel_upstairs_altar, nicolae_overflow_crystal_walls, first_bread,
          lemuel_tele_altar
